3A
WASHINGTON GENERALS @ PROVO MANGO
08/22/2022
 
TOP OF THE 1ST
Washington Generals batting - Pitching for Provo Mango : RHP Jason Troughton
Pitching: RHP Jason Troughton
Batting: RHB Iván Rodríguez 0-0: Ground out 6-3 (Groundball, 6M)
Batting: SHB Júlio Camacho 0-0: Called Strike
0-1: Foul Ball, location: 2F
0-2: Ground out 5-3 (Groundball, 5S)
Batting: RHB Harley Gray 0-0: Foul Ball, location: 2F
0-1: Ball
1-1: Foul Ball, location: 2F
1-2: Strikes out swinging
Top of the 1st over - 0 run(s), 0 hit(s), 0 error(s), 0 left on base; Washington 0 - Provo 0
BOTTOM OF THE 1ST
Provo Mango batting - Pitching for Washington Generals : RHP Curt Walker
Pitching: RHP Curt Walker
Batting: RHB Cristián Lima 0-0: Foul Ball, location: 2F
0-1: Ground out 1-3 (Groundball, 25)
Pitching: RHP Juan Rivas
Batting: LHB Akihito Nishiyama 0-0: Ball
1-0: Fly out, F8 (Flyball, 8LM)
Batting: LHB Armando Villarreal 0-0: Ball
1-0: Swinging Strike
1-1: Ball
2-1: SINGLE (Line Drive, 89S)
Batting: RHB Rubén Campos 0-0: Ball
1-0: Reached on error, E6 (Groundball, 6)
Armando Villarreal to second
Batting: RHB Santiago Ramos 0-0: Ball
1-0: Called Strike
1-1: Ball
2-1: Fly out, F7 (Line Drive, 7M)
Bottom of the 1st over - 0 run(s), 1 hit(s), 1 error(s), 2 left on base; Washington 0 - Provo 0
TOP OF THE 2ND
Washington Generals batting - Pitching for Provo Mango : RHP Jason Troughton
Batting: RHB Arturo Morales 0-0: Ball
1-0: Ball
2-0: Called Strike
2-1: Foul Ball, location: 2F
2-2: DOUBLE (Flyball, 78M)
Batting: SHB Carlos Alicea 0-0: Called Strike
0-1: Ball
1-1: Swinging Strike
1-2: SINGLE (Line Drive, 3S)
Arturo Morales to third
Batting: SHB Jim Unknown 0-0: Foul Ball, location: 2F
0-1: Ball
1-1: Fly out, F6 (Popup, 56)
Batting: RHB Jenkins Hall 0-0: Ball
1-0: Called Strike
1-1: Ball
2-1: Foul Ball, location: 2F
2-2: Ball
Carlos Alicea is caught stealing 2nd base
3-2: Fly out, F9 (Popup, 4D)
Top of the 2nd over - 0 run(s), 2 hit(s), 0 error(s), 1 left on base; Washington 0 - Provo 0
BOTTOM OF THE 2ND
Provo Mango batting - Pitching for Washington Generals : RHP Juan Rivas
Batting: RHB Salvador Noriega 0-0: Called Strike
0-1: Swinging Strike
0-2: Strikes out looking
Batting: RHB John Moss 0-0: Ball
1-0: Called Strike
1-1: Swinging Strike
1-2: Foul Ball, location: 2F
1-2: Foul Ball, location: 2F
1-2: Ball
2-2: Strikes out swinging
Batting: RHB Everette Jeffers 0-0: Ball
1-0: Foul Ball, location: 2F
1-1: Fly out, F9 (Flyball, 89M)
Bottom of the 2nd over - 0 run(s), 0 hit(s), 0 error(s), 0 left on base; Washington 0 - Provo 0
TOP OF THE 3RD
Washington Generals batting - Pitching for Provo Mango : RHP Jason Troughton
Batting: RHB Tim Lehman 0-0: Called Strike
0-1: Foul Ball, location: 2F
0-2: Ball
1-2: Ball
2-2: Strikes out swinging
Batting: RHB Andy Moore 0-0: Foul Ball, location: 2F
0-1: Foul Ball, location: 2F
0-2: Strikes out looking
Batting: RHB Iván Rodríguez 0-0: Foul Ball, location: 2F
0-1: Ball
1-1: Ball
2-1: Called Strike
2-2: Foul Ball, location: 2F
2-2: Strikes out swinging
Top of the 3rd over - 0 run(s), 0 hit(s), 0 error(s), 0 left on base; Washington 0 - Provo 0
BOTTOM OF THE 3RD
Provo Mango batting - Pitching for Washington Generals : RHP Juan Rivas
Batting: RHB Xavier Hernández 0-0: Foul Ball, location: 2F
0-1: Ball
1-1: Ball
2-1: Bunt for hit - play at first, batter OUT! 3-4
Batting: RHB Cristián Lima 0-0: Ball
1-0: Called Strike
1-1: Ball
2-1: Called Strike
2-2: Fly out, F7 (Line Drive, 78M)
Batting: LHB Akihito Nishiyama 0-0: Fly out, F9 (Flyball, 89M)
Bottom of the 3rd over - 0 run(s), 0 hit(s), 0 error(s), 0 left on base; Washington 0 - Provo 0
TOP OF THE 4TH
Washington Generals batting - Pitching for Provo Mango : RHP Jason Troughton
Batting: SHB Júlio Camacho 0-0: Foul Ball, location: 2F
0-1: Fly out, F8 (Flyball, 8LM)
Batting: RHB Harley Gray 0-0: Ball
1-0: Called Strike
1-1: Foul Ball, location: 2F
1-2: Ball
2-2: Strikes out looking
Batting: RHB Arturo Morales 0-0: Foul Ball, location: 2F
0-1: Foul Ball, location: 2F
0-2: SINGLE (Groundball, 6MD)
Batting: SHB Carlos Alicea 0-0: Ball
1-0: Ground out 1-3 (Groundball, 13S)
Top of the 4th over - 0 run(s), 1 hit(s), 0 error(s), 1 left on base; Washington 0 - Provo 0
BOTTOM OF THE 4TH
Provo Mango batting - Pitching for Washington Generals : RHP Juan Rivas
Batting: LHB Armando Villarreal 0-0: Foul Ball, location: 2F
0-1: Ball
1-1: Swinging Strike
1-2: Foul Ball, location: 2F
1-2: Ball
2-2: Strikes out swinging
Batting: RHB Rubén Campos 0-0: Called Strike
0-1: DOUBLE (Line Drive, 9LS)
Batting: RHB Santiago Ramos 0-0: Ball
1-0: Ball
2-0: Swinging Strike
2-1: Ball
3-1: Swinging Strike
3-2: Foul Ball, location: 2F
3-2: Foul Ball, location: 2F
3-2: Foul Ball, location: 2F
3-2: Strikes out looking
Batting: RHB Salvador Noriega 0-0: Intentional Walk
Batting: RHB John Moss 0-0: Called Strike
0-1: Ball
1-1: Fly out, F9 (Flyball, 9M)
Bottom of the 4th over - 0 run(s), 1 hit(s), 0 error(s), 2 left on base; Washington 0 - Provo 0
TOP OF THE 5TH
Washington Generals batting - Pitching for Provo Mango : RHP Jason Troughton
Batting: SHB Jim Unknown 0-0: Called Strike
0-1: Ball
1-1: Fly out, F7 (Flyball, 7D)
Batting: RHB Jenkins Hall 0-0: Ball
1-0: Ground out 5-3 (Groundball, 15S)
Batting: RHB Tim Lehman 0-0: Ground out 4-3 (Groundball, 4)
Top of the 5th over - 0 run(s), 0 hit(s), 0 error(s), 0 left on base; Washington 0 - Provo 0
BOTTOM OF THE 5TH
Provo Mango batting - Pitching for Washington Generals : RHP Juan Rivas
Batting: RHB Everette Jeffers 0-0: Ball
1-0: Foul Ball, location: 2F
1-1: Fly out, F5 (Line Drive, 5S)
Batting: RHB Xavier Hernández 0-0: Foul Ball, location: 2F
0-1: Foul Ball, location: 2F
0-2: Strikes out swinging
Batting: RHB Cristián Lima 0-0: Swinging Strike
0-1: Ball
1-1: Ball
2-1: Swinging Strike
2-2: Foul Ball, location: 2F
2-2: SINGLE (Line Drive, 78S)
Batting: LHB Akihito Nishiyama 0-0: Called Strike
Cristián Lima steals 2nd base
0-1: Fly out, F8 (Flyball, 8RM)
Bottom of the 5th over - 0 run(s), 1 hit(s), 0 error(s), 1 left on base; Washington 0 - Provo 0
TOP OF THE 6TH
Washington Generals batting - Pitching for Provo Mango : RHP Jason Troughton
Batting: RHB Andy Moore 0-0: Ball
1-0: Called Strike
1-1: Swinging Strike
1-2: Foul Ball, location: 2F
1-2: Strikes out swinging
Batting: RHB Iván Rodríguez 0-0: Ball
1-0: Ball
2-0: Ball
3-0: Base on Balls
Batting: SHB Júlio Camacho 0-0: Called Strike
0-1: Ball
1-1: Ball
2-1: Fly out, F4 (Line Drive, 4M)
Batting: RHB Harley Gray 0-0: Ball
1-0: Called Strike
1-1: Ball
2-1: Fly out, F2 (Popup, 23F)
Top of the 6th over - 0 run(s), 0 hit(s), 0 error(s), 1 left on base; Washington 0 - Provo 0
BOTTOM OF THE 6TH
Provo Mango batting - Pitching for Washington Generals : RHP Juan Rivas
Batting: LHB Armando Villarreal 0-0: Swinging Strike
0-1: Foul Ball, location: 2F
0-2: Ball
1-2: Ball
2-2: Strikes out swinging
Batting: RHB Rubén Campos 0-0: Called Strike
0-1: Foul Ball, location: 2F
0-2: Ball
1-2: Ball
2-2: Strikes out looking
Batting: RHB Santiago Ramos 0-0: Ball
1-0: Ball
2-0: Ball
3-0: Called Strike
3-1: Foul Ball, location: 2F
3-2: Base on Balls
Batting: RHB Salvador Noriega 0-0: Ball
1-0: Called Strike
1-1: Swinging Strike
1-2: Ball
2-2: Strikes out looking
Bottom of the 6th over - 0 run(s), 0 hit(s), 0 error(s), 1 left on base; Washington 0 - Provo 0
TOP OF THE 7TH
Washington Generals batting - Pitching for Provo Mango : RHP Jason Troughton
Batting: RHB Arturo Morales 0-0: Foul Ball, location: 2F
0-1: Ball
1-1: DOUBLE (Groundball, 5L)
Batting: SHB Carlos Alicea 0-0: Ball
1-0: Ball
2-0: Swinging Strike
2-1: Foul Ball, location: 2F
2-2: Foul Ball, location: 2F
2-2: Ball
3-2: Fly out, F8 (Flyball, 8RM)
Batting: SHB Jim Unknown 0-0: Intentional Walk
Batting: RHB Jenkins Hall 0-0: Called Strike
Arturo Morales steals 3rd base
Jim Unknown to second
0-1: SINGLE (Groundball, 56)
Arturo Morales scores
Jim Unknown to third
Runner from 3rd tries for Home, SAFE, no throw or cutoff
Batting: RHB Tim Lehman 0-0: Ball
1-0: Foul Ball, location: 2F
1-1: Ball
2-1: Ground out 4-3 (Groundball, 6M)
Jenkins Hall to second
Batting: RHB Andy Moore 0-0: Ball
1-0: Ball
2-0: Foul Ball, location: 2F
2-1: Foul Ball, location: 2F
2-2: Foul Ball, location: 2F
2-2: Strikes out swinging
Top of the 7th over - 2 run(s), 2 hit(s), 0 error(s), 1 left on base; Washington 2 - Provo 0
BOTTOM OF THE 7TH
Provo Mango batting - Pitching for Washington Generals : RHP Juan Rivas
Batting: RHB John Moss 0-0: Swinging Strike
0-1: Called Strike
0-2: Ball
1-2: Strikes out swinging
Batting: RHB Everette Jeffers 0-0: Ball
1-0: Foul Ball, location: 2F
1-1: Swinging Strike
1-2: Ball
2-2: Fly out, F4 (Popup, 9LSF)
Batting: RHB Xavier Hernández 0-0: Called Strike
0-1: Ground out 4-3 (Groundball, 4M)
Bottom of the 7th over - 0 run(s), 0 hit(s), 0 error(s), 0 left on base; Washington 2 - Provo 0
TOP OF THE 8TH
Washington Generals batting - Pitching for Provo Mango : RHP Jason Troughton
Batting: RHB Iván Rodríguez 0-0: Foul Ball, location: 2F
0-1: Ball
1-1: Foul Ball, location: 2F
1-2: Foul Ball, location: 2F
1-2: Foul Ball, location: 2F
1-2: Fly out, F8 (Line Drive, 8RD)
Pitching: RHP Ronaldo Baghina
Batting: SHB Júlio Camacho 0-0: Called Strike
0-1: Ball
1-1: Ball
2-1: SINGLE (Line Drive, 3D)
Batting: RHB Harley Gray 0-0: Ball
1-0: Fly out, F8 (Flyball, 8LM)
Batting: RHB Arturo Morales 0-0: Foul Ball, location: 2F
0-1: Ball
1-1: Ball
2-1: Called Strike
2-2: Ball
3-2: Fly out, F8 (Flyball, 8LXD)
Top of the 8th over - 0 run(s), 1 hit(s), 0 error(s), 1 left on base; Washington 2 - Provo 0
BOTTOM OF THE 8TH
Provo Mango batting - Pitching for Washington Generals : RHP Juan Rivas
Batting: RHB Cristián Lima 0-0: Foul Ball, location: 2F
0-1: Ball
1-1: Called Strike
1-2: SINGLE (Groundball, 15S) (infield hit)
Pitching: LHP Thomas McGinnis
Batting: LHB Akihito Nishiyama 0-0: Called Strike
0-1: Swinging Strike
0-2: Ball
1-2: Grounds into double play, 4-6-3 (Groundball, 4)
Batting: LHB Armando Villarreal 0-0: Ball
1-0: Foul Ball, location: 2F
1-1: Ball
2-1: Foul Ball, location: 2F
2-2: Foul Ball, location: 2F
2-2: Ground out 4-3 (Groundball, 34D)
Bottom of the 8th over - 0 run(s), 1 hit(s), 0 error(s), 0 left on base; Washington 2 - Provo 0
TOP OF THE 9TH
Washington Generals batting - Pitching for Provo Mango : RHP Ronaldo Baghina
Batting: SHB Carlos Alicea 0-0: Foul Ball, location: 2F
0-1: Foul Ball, location: 2F
0-2: Ball
1-2: Foul Ball, location: 2F
1-2: Strikes out swinging
Batting: SHB Jim Unknown 0-0: Ball
1-0: Swinging Strike
1-1: Fly out, F8 (Flyball, 8RM)
Batting: RHB Jenkins Hall 0-0: Foul Ball, location: 2F
0-1: Ball
1-1: Ball
2-1: SINGLE (Groundball, 5D)
Batting: RHB Tim Lehman 0-0: Ball
1-0: Called Strike
1-1: Ball
2-1: Called Strike
Jenkins Hall is caught stealing 2nd base
Top of the 9th over - 0 run(s), 1 hit(s), 0 error(s), 0 left on base; Washington 2 - Provo 0
BOTTOM OF THE 9TH
Provo Mango batting - Pitching for Washington Generals : LHP Thomas McGinnis
Pitching: RHP Octávio Rosário
Batting: RHB Rubén Campos 0-0: Ball
1-0: Foul Ball, location: 2F
1-1: Ground out 4-3 (Groundball, 4M)
Batting: RHB Santiago Ramos 0-0: Swinging Strike
0-1: Ball
1-1: Swinging Strike
1-2: Strikes out swinging
Batting: RHB Salvador Noriega 0-0: Ball
1-0: SINGLE (Groundball, 4MD) (infield hit)
Pinch Hitting: RHB Lúcio Sánchez 0-0: Foul Ball, location: 2F
0-1: Called Strike
0-2: Strikes out swinging
Bottom of the 9th over - 0 run(s), 1 hit(s), 0 error(s), 1 left on base; Washington 2 - Provo 0
This league is powered by Out of the Park Baseball, the baseball management simulation game for PC, Mac and Linux
Friday, April 15th, 2016 - OOTP Baseball 16.9 Build 39